2482 views
Uploaded 2022-04-15 17:04:21
Game version 1.32.9
98:53 long 4on4 ladder game on (8)NerubianPassage
Saved by DudeWhy
2482 views
Uploaded 2022-04-15 17:04:21
Game version 1.32.9
98:53 long 4on4 ladder game on (8)NerubianPassage


215 units @ 22.5k
/ 4.5k
273 buildings @ 22.1k
/ 10.1k


| Lesser Clarity Potion | 2 | 140 |
| Boots of Speed | 5 | 1250 |
| Healing Salve | 1 | 100 |
| total: | 8 | 1490g |
| Peasant | 30 | 2250 | / | 0 |
| Mortar Team | 31 | 5580 | / | 2170 |
| Flying Machine | 22 | 2200 | / | 660 |
| total: | 83 | 10030g | / | 2830w |
| Scout Tower | 84 | 2520 | / | 1680 |
| Arcane Tower | 7 | 490 | / | 350 |
| Guard Tower | 29 | 2030 | / | 1450 |
| Altar of Kings | 3 | 540 | / | 150 |
| Farm | 21 | 1680 | / | 420 |
| Lumber Mill | 3 | 360 | / | 0 |
| Town Hall | 4 | 1540 | / | 820 |
| Blacksmith | 2 | 280 | / | 120 |
| Cannon Tower | 2 | 240 | / | 200 |
| Workshop | 1 | 140 | / | 140 |
| Keep | 3 | 960 | / | 630 |
| Castle | 3 | 1080 | / | 630 |
| total: | 118 | 7060g | / | 3330w |
| 0:02 | Peasant |
| 0:05 | Altar of Kings |
| 0:24 | Farm |
| 0:25 | Peasant |
| 0:26 | Peasant |
| 0:57 | Peasant |
| 1:01 | Scout Tower |
| 1:03 | Farm |
| 1:04 | Peasant |
| 1:17 | Peasant |
| 1:22 | Peasant |
| 1:33 | Scout Tower |
| 1:44 | Arcane Tower |
| 1:49 | Peasant |
| 1:58 | Scout Tower |
| 2:00 | Peasant |
| 2:02 | Farm |
| 2:21 | Lumber Mill |
| 2:23 | Peasant |
| 2:30 | Scout Tower |
| 2:32 | Scout Tower |
| 2:35 | Peasant |
| 2:40 | Peasant |
| 2:42 | Storm Bolt |
| 2:54 | Peasant |
| 3:07 | Scout Tower |
| 3:23 | Guard Tower |
| 3:24 | Scout Tower |
| 3:25 | Scout Tower |
| 3:27 | Peasant |
| 3:37 | Guard Tower |
| 3:40 | Peasant |
| 4:01 | Improved Masonry |
| 4:03 | Peasant |
| 4:03 | Peasant |
| 4:05 | Guard Tower |
| 4:06 | Scout Tower |
| 4:07 | Scout Tower |
| 5:20 | Guard Tower |
| 5:21 | Scout Tower |
| 5:22 | Guard Tower |
| 5:25 | Peasant |
| 5:57 | Scout Tower |
| 5:58 | Scout Tower |
| 5:59 | Guard Tower |
| 6:04 | Town Hall |
| 6:09 | Town Hall |
| 6:13 | Scout Tower |
| 6:14 | Scout Tower |
| 6:16 | Peasant |
| 6:16 | Peasant |
| 6:25 | Scout Tower |
| 6:26 | Guard Tower |
| 6:39 | Farm |
| 6:46 | Farm |
| 6:53 | Scout Tower |
| 6:54 | Guard Tower |
| 6:56 | Scout Tower |
| 6:57 | Guard Tower |
| 7:01 | Scout Tower |
| 7:30 | Keep |
| 7:35 | Guard Tower |
| 7:37 | Farm |
| 7:38 | Scout Tower |
| 7:39 | Scout Tower |
| 7:50 | Scout Tower |
| 7:51 | Scout Tower |
| 8:28 | Guard Tower |
| 8:50 | Bash |
| 8:55 | Bash |
| 9:06 | Guard Tower |
| 9:07 | Scout Tower |
| 9:09 | Blacksmith |
| 9:23 | Bash |
| 9:32 | Scout Tower |
| 9:33 | Scout Tower |
| 9:40 | Guard Tower |
| 9:52 | Improved Lumber Harvesting |
| 9:58 | Castle |
| 10:03 | Healing Salve |
| 10:09 | Scout Tower |
| 10:10 | Guard Tower |
| 10:12 | Advanced Masonry |
| 10:52 | Holy Light |
| 10:57 | Black Gunpowder |
| 11:05 | Workshop |
| 12:09 | Flare |
| 12:10 | Mortar Team |
| 12:10 | Mortar Team |
| 12:11 | Refined Gunpowder |
| 12:25 | Guard Tower |
| 12:26 | Scout Tower |
| 12:28 | Scout Tower |
| 12:54 | Fragmentation Shards |
| 13:34 | Studded Leather Armor |
| 14:17 | Holy Light |
| 14:18 | Divine Shield |
| 14:33 | Storm Bolt |
| 14:35 | Storm Bolt |
| 14:36 | Storm Bolt |
| 14:55 | Mortar Team |
| 14:55 | Mortar Team |
| 15:02 | Imbued Gunpowder |
| 18:29 | Reinforced Leather Armor |
| 18:31 | Mortar Team |
| 19:06 | Mortar Team |
| 19:32 | Holy Light |
| 22:06 | Dragonhide Armor |
| 22:10 | Guard Tower |
| 22:20 | Scout Tower |
| 22:20 | Scout Tower |
| 22:21 | Scout Tower |
| 22:21 | Scout Tower |
| 23:05 | Arcane Tower |
| 24:39 | Holy Light |
| 25:01 | Farm |
| 25:01 | Farm |
| 25:02 | Farm |
| 25:02 | Farm |
| 25:03 | Farm |
| 25:03 | Farm |
| 26:43 | Mortar Team |
| 26:43 | Mortar Team |
| 26:45 | Iron Plating |
| 26:50 | Bash |
| 27:00 | Bash |
| 27:55 | Steel Plating |
| 28:43 | Scout Tower |
| 28:43 | Scout Tower |
| 28:44 | Scout Tower |
| 28:45 | Scout Tower |
| 29:35 | Bash |
| 30:53 | Mithril Plating |
| 31:01 | Lesser Clarity Potion |
| 31:01 | Lesser Clarity Potion |
| 31:58 | Mortar Team |
| 31:58 | Mortar Team |
| 31:58 | Mortar Team |
| 32:06 | Lumber Mill |
| 34:14 | Guard Tower |
| 34:16 | Scout Tower |
| 34:17 | Scout Tower |
| 34:20 | Scout Tower |
| 34:21 | Scout Tower |
| 35:40 | Divine Shield |
| 35:41 | Divine Shield |
| 36:26 | Guard Tower |
| 38:05 | Altar of Kings |
| 38:57 | Mortar Team |
| 38:57 | Mortar Team |
| 38:58 | Mortar Team |
| 40:02 | Mortar Team |
| 40:02 | Mortar Team |
| 40:31 | Mortar Team |
| 40:40 | Altar of Kings |
| 41:16 | Farm |
| 41:16 | Farm |
| 41:17 | Farm |
| 41:38 | Farm |
| 42:26 | Mortar Team |
| 43:36 | Farm |
| 43:40 | Storm Bolt |
| 44:36 | Town Hall |
| 45:06 | Holy Light |
| 45:07 | Holy Light |
| 45:33 | Mortar Team |
| 45:35 | Farm |
| 45:42 | Scout Tower |
| 45:43 | Scout Tower |
| 45:44 | Scout Tower |
| 45:50 | Scout Tower |
| 46:03 | Scout Tower |
| 46:08 | Lumber Mill |
| 46:55 | Peasant |
| 46:56 | Peasant |
| 47:06 | Scout Tower |
| 47:08 | Cannon Tower |
| 47:09 | Cannon Tower |
| 47:14 | Scout Tower |
| 47:33 | Keep |
| 47:35 | Storm Bolt |
| 48:47 | Guard Tower |
| 48:49 | Scout Tower |
| 48:50 | Scout Tower |
| 48:50 | Scout Tower |
| 49:44 | Guard Tower |
| 49:46 | Scout Tower |
| 49:46 | Scout Tower |
| 49:46 | Scout Tower |
| 49:47 | Scout Tower |
| 49:51 | Boots of Speed |
| 49:57 | Boots of Speed |
| 51:12 | Avatar |
| 51:13 | Avatar |
| 51:18 | Castle |
| 51:27 | Flak Cannons |
| 51:49 | Guard Tower |
| 52:08 | Boots of Speed |
| 52:08 | Boots of Speed |
| 53:02 | Mortar Team |
| 53:03 | Mortar Team |
| 53:03 | Mortar Team |
| 55:15 | Flying Machine Bombs |
| 57:40 | Resurrection |
| 58:20 | Imbued Masonry |
| 59:15 | Devotion Aura |
| 59:54 | Scout Tower |
| 59:55 | Scout Tower |
| 59:55 | Scout Tower |
| 59:56 | Scout Tower |
| 59:56 | Scout Tower |
| 59:57 | Scout Tower |
| 59:57 | Scout Tower |
| 59:58 | Scout Tower |
| 59:59 | Scout Tower |
| 59:59 | Scout Tower |
| 60:03 | Flying Machine |
| 60:03 | Flying Machine |
| 60:03 | Flying Machine |
| 60:04 | Flying Machine |
| 60:04 | Flying Machine |
| 60:04 | Flying Machine |
| 60:04 | Flying Machine |
| 61:17 | Scout Tower |
| 61:18 | Scout Tower |
| 61:19 | Scout Tower |
| 61:20 | Arcane Tower |
| 61:22 | Scout Tower |
| 61:22 | Scout Tower |
| 61:27 | Flying Machine |
| 61:27 | Flying Machine |
| 61:27 | Flying Machine |
| 61:28 | Flying Machine |
| 61:28 | Flying Machine |
| 61:28 | Flying Machine |
| 61:37 | Avatar |
| 62:03 | Arcane Tower |
| 62:14 | Flying Machine |
| 62:14 | Flying Machine |
| 62:14 | Flying Machine |
| 62:14 | Flying Machine |
| 62:18 | Arcane Tower |
| 62:28 | Boots of Speed |
| 63:01 | Arcane Tower |
| 73:35 | Flying Machine |
| 74:20 | Bash |
| 75:46 | Peasant |
| 75:53 | Peasant |
| 76:43 | Town Hall |
| 79:48 | Scout Tower |
| 79:49 | Scout Tower |
| 79:50 | Peasant |
| 79:50 | Peasant |
| 79:50 | Peasant |
| 79:50 | Peasant |
| 79:51 | Peasant |
| 79:51 | Peasant |
| 79:55 | Flying Machine |
| 80:01 | Devotion Aura |
| 80:32 | Guard Tower |
| 80:34 | Scout Tower |
| 80:35 | Scout Tower |
| 80:36 | Scout Tower |
| 80:38 | Scout Tower |
| 80:41 | Scout Tower |
| 80:42 | Guard Tower |
| 81:08 | Guard Tower |
| 81:45 | Guard Tower |
| 81:48 | Scout Tower |
| 81:51 | Scout Tower |
| 81:51 | Scout Tower |
| 82:14 | Guard Tower |
| 82:17 | Guard Tower |
| 82:24 | Guard Tower |
| 82:42 | Guard Tower |
| 82:52 | Keep |
| 83:55 | Bash |
| 83:57 | Divine Shield |
| 84:14 | Mortar Team |
| 84:14 | Mortar Team |
| 84:14 | Mortar Team |
| 84:15 | Mortar Team |
| 85:31 | Mortar Team |
| 85:33 | Scout Tower |
| 85:34 | Scout Tower |
| 85:37 | Scout Tower |
| 85:38 | Scout Tower |
| 87:04 | Mortar Team |
| 87:04 | Mortar Team |
| 87:05 | Mortar Team |
| 87:08 | Castle |
| 87:09 | Arcane Tower |
| 88:47 | Mortar Team |
| 88:56 | Bash |
| 94:21 | Farm |
| 94:24 | Farm |
| 94:25 | Farm |
| 94:29 | Blacksmith |
| 94:58 | Thunder Clap |
| 95:30 | Flying Machine |
| 95:30 | Flying Machine |
| 95:30 | Flying Machine |
| Right click | 5286 |
| Select group | 1557 |
| Select | 795 |
| Misc. action | 341 |
| Use ability | 286 |
| Build/train/purchase | 272 |
| Resource trade | 69 |
| Minimap ping | 62 |
| Assign group | 22 |
| Item give/drop | 10 |
| Chat | 4 |
| Esc | 3 |


| Peasant | 15 | 1125 | / | 0 |
| Mortar Team | 2 | 360 | / | 140 |
| Flying Machine | 36 | 3600 | / | 1080 |
| Dragonhawk Rider | 7 | 1400 | / | 210 |
| total: | 60 | 6485g | / | 1430w |
| Scout Tower | 17 | 510 | / | 340 |
| Arcane Tower | 1 | 70 | / | 50 |
| Guard Tower | 9 | 630 | / | 450 |
| Altar of Kings | 2 | 360 | / | 100 |
| Farm | 20 | 1600 | / | 400 |
| Lumber Mill | 2 | 240 | / | 0 |
| Blacksmith | 3 | 420 | / | 180 |
| Arcane Vault | 1 | 130 | / | 30 |
| Town Hall | 1 | 385 | / | 205 |
| Workshop | 5 | 700 | / | 700 |
| Gryphon Aviary | 1 | 140 | / | 150 |
| Keep | 1 | 320 | / | 210 |
| Castle | 1 | 360 | / | 210 |
| total: | 52 | 4485g | / | 2105w |
| 0:06 | Altar of Kings |
| 0:07 | Peasant |
| 0:07 | Peasant |
| 0:08 | Peasant |
| 0:08 | Peasant |
| 0:08 | Peasant |
| 0:26 | Farm |
| 0:26 | Farm |
| 0:27 | Farm |
| 0:39 | Farm |
| 0:39 | Farm |
| 1:02 | Scout Tower |
| 1:08 | Lumber Mill |
| 1:12 | Peasant |
| 1:12 | Peasant |
| 1:23 | Scout Tower |
| 1:24 | Scout Tower |
| 1:25 | Scout Tower |
| 1:25 | Scout Tower |
| 1:40 | Peasant |
| 1:40 | Peasant |
| 1:40 | Peasant |
| 1:50 | Arcane Tower |
| 2:22 | Peasant |
| 2:22 | Peasant |
| 2:43 | Peasant |
| 2:43 | Peasant |
| 2:49 | Storm Bolt |
| 2:52 | Guard Tower |
| 3:06 | Peasant |
| 3:21 | Guard Tower |
| 3:30 | Blacksmith |
| 3:43 | Keep |
| 3:45 | Guard Tower |
| 4:10 | Guard Tower |
| 4:49 | Black Gunpowder |
| 4:50 | Iron Plating |
| 4:55 | Scout Tower |
| 4:56 | Scout Tower |
| 5:25 | Scout Tower |
| 5:25 | Scout Tower |
| 5:31 | Guard Tower |
| 5:34 | Scout Tower |
| 5:47 | Farm |
| 5:47 | Farm |
| 5:49 | Farm |
| 5:49 | Farm |
| 5:59 | Guard Tower |
| 6:08 | Workshop |
| 6:10 | Workshop |
| 6:12 | Workshop |
| 6:17 | Castle |
| 6:26 | Improved Lumber Harvesting |
| 6:31 | Refined Gunpowder |
| 6:37 | Guard Tower |
| 6:49 | Guard Tower |
| 6:59 | Farm |
| 7:00 | Farm |
| 7:23 | Workshop |
| 7:28 | Workshop |
| 7:32 | Steel Plating |
| 8:33 | Mortar Team |
| 9:04 | Imbued Gunpowder |
| 9:16 | Divine Shield |
| 9:25 | Mithril Plating |
| 9:32 | Mortar Team |
| 9:46 | Farm |
| 9:47 | Farm |
| 10:17 | Flying Machine Bombs |
| 10:19 | Flak Cannons |
| 10:45 | Flying Machine |
| 10:45 | Flying Machine |
| 10:45 | Flying Machine |
| 10:45 | Flying Machine |
| 10:45 | Flying Machine |
| 10:46 | Flying Machine |
| 10:46 | Flying Machine |
| 11:05 | Farm |
| 11:06 | Farm |
| 11:10 | Flying Machine |
| 11:11 | Flying Machine |
| 11:26 | Flying Machine |
| 11:26 | Flying Machine |
| 11:40 | Scout Tower |
| 11:40 | Scout Tower |
| 11:41 | Scout Tower |
| 11:42 | Scout Tower |
| 11:43 | Scout Tower |
| 11:44 | Scout Tower |
| 11:52 | Advanced Lumber Harvesting |
| 12:15 | Arcane Vault |
| 12:17 | Gryphon Aviary |
| 13:51 | Flying Machine |
| 13:51 | Flying Machine |
| 13:53 | Flying Machine |
| 14:32 | Guard Tower |
| 15:21 | Cloud |
| 15:32 | Lumber Mill |
| 15:36 | Scout Tower |
| 15:43 | Improved Masonry |
| 16:44 | Flying Machine |
| 16:44 | Flying Machine |
| 21:50 | Farm |
| 21:51 | Farm |
| 21:52 | Farm |
| 21:56 | Farm |
| 21:57 | Farm |
| 25:08 | Dragonhawk Rider |
| 25:09 | Dragonhawk Rider |
| 25:19 | Flying Machine |
| 25:19 | Flying Machine |
| 30:40 | Dragonhawk Rider |
| 30:43 | Flying Machine |
| 30:43 | Flying Machine |
| 30:43 | Flying Machine |
| 30:43 | Flying Machine |
| 30:43 | Flying Machine |
| 30:44 | Flying Machine |
| 30:44 | Flying Machine |
| 30:44 | Flying Machine |
| 34:34 | Flying Machine |
| 34:34 | Flying Machine |
| 34:34 | Flying Machine |
| 37:18 | Flying Machine |
| 37:18 | Flying Machine |
| 38:15 | Altar of Kings |
| 40:17 | Flying Machine |
| 40:17 | Flying Machine |
| 40:17 | Flying Machine |
| 40:17 | Flying Machine |
| 40:17 | Flying Machine |
| 44:42 | Town Hall |
| 48:04 | Blacksmith |
| 48:43 | Blacksmith |
| 59:15 | Dragonhawk Rider |
| 61:10 | Dragonhawk Rider |
| 73:02 | Dragonhawk Rider |
| 73:02 | Dragonhawk Rider |
| Right click | 3617 |
| Select group | 3347 |
| Select | 463 |
| Chat | 367 |
| Minimap ping | 163 |
| Build/train/purchase | 90 |
| Assign group | 69 |
| Resource trade | 48 |
| Use ability | 43 |
whitnasty
(6)
(97:30) : 

| Peasant | 34 | 2550 | / | 0 |
| total: | 34 | 2550g | / | 0w |
| Scout Tower | 51 | 1530 | / | 1020 |
| Arcane Tower | 5 | 350 | / | 250 |
| Guard Tower | 32 | 2240 | / | 1600 |
| Altar of Kings | 1 | 180 | / | 50 |
| Farm | 7 | 560 | / | 140 |
| Lumber Mill | 5 | 600 | / | 0 |
| Arcane Vault | 1 | 130 | / | 30 |
| Town Hall | 3 | 1155 | / | 615 |
| Keep | 1 | 320 | / | 210 |
| Castle | 1 | 360 | / | 210 |
| total: | 68 | 4155g | / | 1855w |
| 0:03 | Peasant |
| 0:03 | Peasant |
| 0:16 | Altar of Kings |
| 0:22 | Peasant |
| 0:32 | Farm |
| 0:35 | Farm |
| 0:58 | Peasant |
| 1:02 | Peasant |
| 1:14 | Peasant |
| 1:33 | Scout Tower |
| 1:40 | Farm |
| 1:42 | Peasant |
| 2:06 | Arcane Tower |
| 2:11 | Farm |
| 2:26 | Lumber Mill |
| 2:34 | Storm Bolt |
| 2:40 | Peasant |
| 2:40 | Peasant |
| 2:49 | Peasant |
| 2:49 | Peasant |
| 3:29 | Improved Masonry |
| 3:34 | Peasant |
| 4:02 | Scout Tower |
| 4:03 | Scout Tower |
| 4:15 | Peasant |
| 4:18 | Keep |
| 4:29 | Scout Tower |
| 4:33 | Scout Tower |
| 4:37 | Guard Tower |
| 4:58 | Scout Tower |
| 5:01 | Scout Tower |
| 5:03 | Guard Tower |
| 5:25 | Scout Tower |
| 5:25 | Scout Tower |
| 5:28 | Guard Tower |
| 5:48 | Scout Tower |
| 5:50 | Guard Tower |
| 5:54 | Guard Tower |
| 5:57 | Scout Tower |
| 5:57 | Scout Tower |
| 6:00 | Guard Tower |
| 6:22 | Guard Tower |
| 6:28 | Guard Tower |
| 6:30 | Guard Tower |
| 6:34 | Scout Tower |
| 6:37 | Scout Tower |
| 6:38 | Scout Tower |
| 6:39 | Scout Tower |
| 6:51 | Peasant |
| 6:51 | Peasant |
| 6:55 | Improved Lumber Harvesting |
| 6:55 | Advanced Masonry |
| 7:01 | Scout Tower |
| 7:10 | Guard Tower |
| 7:14 | Scout Tower |
| 7:27 | Scout Tower |
| 7:28 | Scout Tower |
| 7:28 | Scout Tower |
| 7:31 | Guard Tower |
| 7:45 | Guard Tower |
| 7:51 | Scout Tower |
| 7:52 | Scout Tower |
| 8:06 | Scout Tower |
| 8:22 | Guard Tower |
| 8:25 | Scout Tower |
| 8:26 | Scout Tower |
| 8:31 | Scout Tower |
| 8:34 | Guard Tower |
| 8:43 | Lumber Mill |
| 8:56 | Guard Tower |
| 9:06 | Peasant |
| 9:07 | Peasant |
| 9:13 | Guard Tower |
| 9:19 | Scout Tower |
| 9:32 | Guard Tower |
| 9:35 | Scout Tower |
| 9:51 | Peasant |
| 9:51 | Peasant |
| 10:01 | Farm |
| 10:02 | Farm |
| 10:05 | Scout Tower |
| 10:07 | Guard Tower |
| 10:12 | Guard Tower |
| 10:15 | Scout Tower |
| 10:25 | Scout Tower |
| 10:26 | Scout Tower |
| 10:27 | Scout Tower |
| 10:48 | Guard Tower |
| 10:53 | Guard Tower |
| 11:17 | Guard Tower |
| 11:21 | Scout Tower |
| 11:25 | Scout Tower |
| 11:27 | Guard Tower |
| 11:44 | Guard Tower |
| 11:51 | Guard Tower |
| 12:21 | Guard Tower |
| 12:37 | Holy Light |
| 12:40 | Castle |
| 12:49 | Arcane Vault |
| 15:13 | Lumber Mill |
| 15:34 | Town Hall |
| 15:42 | Scout Tower |
| 16:30 | Farm |
| 16:32 | Scout Tower |
| 16:40 | Scout Tower |
| 16:42 | Arcane Tower |
| 16:54 | Lumber Mill |
| 17:35 | Arcane Tower |
| 18:06 | Peasant |
| 18:12 | Scout Tower |
| 18:37 | Divine Shield |
| 18:41 | Guard Tower |
| 18:46 | Scout Tower |
| 18:47 | Scout Tower |
| 18:49 | Guard Tower |
| 18:55 | Peasant |
| 18:55 | Peasant |
| 20:35 | Scout Tower |
| 20:36 | Scout Tower |
| 20:37 | Guard Tower |
| 22:29 | Town Hall |
| 27:35 | Peasant |
| 27:35 | Peasant |
| 27:35 | Peasant |
| 27:46 | Scout Tower |
| 27:54 | Peasant |
| 29:12 | Scout Tower |
| 29:20 | Lumber Mill |
| 29:23 | Peasant |
| 29:27 | Arcane Tower |
| 32:05 | Peasant |
| 32:11 | Guard Tower |
| 32:13 | Scout Tower |
| 32:14 | Scout Tower |
| 32:51 | Holy Light |
| 33:03 | Scout Tower |
| 33:26 | Guard Tower |
| 34:22 | Peasant |
| 34:22 | Peasant |
| 34:22 | Peasant |
| 35:27 | Scout Tower |
| 35:33 | Peasant |
| 35:33 | Peasant |
| 35:35 | Peasant |
| 36:08 | Guard Tower |
| 36:12 | Scout Tower |
| 36:54 | Town Hall |
| 37:12 | Arcane Tower |
| 38:54 | Storm Bolt |
| 41:38 | Divine Shield |
| 51:39 | Holy Light |
| 68:03 | Resurrection |
| Right click | 3871 |
| Select group | 456 |
| Select | 391 |
| Build/train/purchase | 89 |
| Resource trade | 29 |
| Use ability | 27 |
| Assign group | 26 |
| Misc. action | 21 |
| Chat | 4 |
| Minimap ping | 1 |
Cabeelibob
(194)
(98:45) : 

| Healing Salve | 1 | 100 |
| Orb of Lightning | 1 | 375 |
| Tiny Great Hall | 1 | 600 |
| Lesser Clarity Potion | 1 | 70 |
| Boots of Speed | 1 | 250 |
| Staff of Teleportation | 1 | 150 |
| Gloves of Haste | 1 | 125 |
| Scourge Bone Chimes | 1 | 400 |
| Helm of Valor | 1 | 500 |
| The Lion Horn of Stormwind | 1 | 400 |
| Claws of Attack +6 | 2 | 250 |
| Boots of Quel'Thalas +6 | 2 | 800 |
| Hood of Cunning | 2 | 1000 |
| Legion Doom-Horn | 1 | 500 |
| Khadgar's Pipe of Insight | 1 | 500 |
| Slippers of Agility +3 | 1 | 100 |
| total: | 19 | 6120g |
| Peon | 30 | 2250 | / | 0 |
| Troll Witch Doctor | 8 | 1160 | / | 200 |
| total: | 38 | 3410g | / | 200w |
| Watch Tower | 13 | 1430 | / | 1040 |
| Altar of Storms | 5 | 900 | / | 250 |
| Orc Burrow | 4 | 640 | / | 160 |
| War Mill | 3 | 615 | / | 0 |
| Voodoo Lounge | 3 | 390 | / | 90 |
| Great Hall | 6 | 2310 | / | 1110 |
| Spirit Lodge | 1 | 150 | / | 150 |
| Stronghold | 2 | 630 | / | 380 |
| Fortress | 1 | 325 | / | 190 |
| total: | 35 | 6435g | / | 2800w |
| 0:03 | Altar of Storms |
| 0:04 | Altar of Storms |
| 0:07 | Peon |
| 0:12 | Orc Burrow |
| 0:13 | Peon |
| 0:26 | Peon |
| 0:37 | Peon |
| 0:53 | Peon |
| 0:59 | War Mill |
| 1:17 | Orc Burrow |
| 1:35 | Peon |
| 1:47 | Peon |
| 1:56 | Voodoo Lounge |
| 1:58 | Peon |
| 2:15 | Peon |
| 2:31 | Peon |
| 2:37 | Wind Walk |
| 2:44 | Peon |
| 3:01 | Watch Tower |
| 3:22 | Orc Burrow |
| 3:26 | Peon |
| 3:26 | Peon |
| 3:27 | Peon |
| 4:27 | Watch Tower |
| 4:36 | Watch Tower |
| 5:10 | Stronghold |
| 5:29 | Watch Tower |
| 5:45 | Watch Tower |
| 6:11 | Altar of Storms |
| 6:13 | Orc Burrow |
| 6:16 | Voodoo Lounge |
| 6:20 | Healing Salve |
| 6:32 | Voodoo Lounge |
| 6:43 | Watch Tower |
| 7:24 | War Mill |
| 7:32 | Fortress |
| 7:40 | Gloves of Haste |
| 7:54 | Reinforced Defenses |
| 10:07 | Spirit Lodge |
| 10:10 | Critical Strike |
| 11:38 | Witch Doctor Adept Training |
| 11:41 | Shaman Adept Training |
| 12:37 | Boots of Speed |
| 12:37 | Staff of Teleportation |
| 13:12 | Scourge Bone Chimes |
| 13:14 | Helm of Valor |
| 13:19 | The Lion Horn of Stormwind |
| 13:25 | Claws of Attack +6 |
| 13:41 | Shaman Master Training |
| 13:41 | Witch Doctor Master Training |
| 13:46 | Spiked Barricades |
| 15:33 | Claws of Attack +6 |
| 15:36 | Troll Witch Doctor |
| 15:36 | Troll Witch Doctor |
| 15:36 | Troll Witch Doctor |
| 15:36 | Troll Witch Doctor |
| 16:18 | Orb of Lightning |
| 16:21 | Critical Strike |
| 18:25 | Tiny Great Hall |
| 19:32 | Great Hall |
| 19:35 | Great Hall |
| 19:53 | Wind Walk |
| 26:57 | Boots of Quel'Thalas +6 |
| 28:02 | Great Hall |
| 28:13 | Great Hall |
| 30:58 | Hood of Cunning |
| 32:51 | Peon |
| 32:51 | Peon |
| 32:51 | Peon |
| 32:51 | Peon |
| 33:00 | Watch Tower |
| 33:01 | Watch Tower |
| 33:02 | Watch Tower |
| 35:14 | Critical Strike |
| 36:38 | Hood of Cunning |
| 37:29 | Legion Doom-Horn |
| 40:06 | Watch Tower |
| 40:07 | Watch Tower |
| 40:08 | Watch Tower |
| 40:08 | Watch Tower |
| 40:29 | Troll Witch Doctor |
| 40:29 | Troll Witch Doctor |
| 40:29 | Troll Witch Doctor |
| 40:29 | Troll Witch Doctor |
| 43:04 | Altar of Storms |
| 46:02 | War Mill |
| 46:22 | Lesser Clarity Potion |
| 47:21 | Khadgar's Pipe of Insight |
| 51:03 | Bladestorm |
| 52:45 | Slippers of Agility +3 |
| 61:36 | Peon |
| 61:36 | Peon |
| 61:37 | Peon |
| 61:38 | Peon |
| 61:38 | Peon |
| 61:38 | Peon |
| 61:38 | Peon |
| 62:55 | Boots of Quel'Thalas +6 |
| 63:27 | Great Hall |
| 68:49 | Wind Walk |
| 80:25 | Mirror Image |
| 84:18 | Peon |
| 86:13 | Great Hall |
| 86:32 | Stronghold |
| 89:25 | Mirror Image |
| 89:48 | Altar of Storms |
| 90:54 | Peon |
| 90:54 | Peon |
| 90:54 | Peon |
| 90:54 | Peon |
| 91:50 | War Stomp |
| 95:11 | Divine Shield |
| Right click | 4007 |
| Select | 449 |
| Select group | 353 |
| Misc. action | 304 |
| Build/train/purchase | 208 |
| Chat | 50 |
| Resource trade | 42 |
| Use ability | 31 |
| Minimap ping | 28 |
| Item give/drop | 21 |
| Remove unit | 5 |
| Assign group | 2 |
179 units @ 24.7k
/ 4.2k
256 buildings @ 31.7k
/ 15.3k



x1)
| Scroll of Regeneration | 2 | 200 |
| Lesser Clarity Potion | 4 | 280 |
| Potion of Mana | 1 | 200 |
| Staff of Sanctuary | 1 | 250 |
| Orb of Fire | 1 | 325 |
| Scroll of Healing | 1 | 250 |
| Scroll of Town Portal | 4 | 1400 |
| Potion of Lesser Invulnerability | 2 | 300 |
| Boots of Speed | 3 | 750 |
| Tome of Retraining | 1 | 300 |
| Potion of Invisibility | 1 | 100 |
| Periapt of Vitality | 1 | 325 |
| Staff of Teleportation | 2 | 300 |
| total: | 24 | 4980g |
| Peasant | 11 | 825 | / | 0 |
| Footman | 1 | 135 | / | 0 |
| Rifleman | 9 | 1845 | / | 270 |
| Priest | 8 | 1080 | / | 80 |
| Flying Machine | 20 | 2000 | / | 600 |
| Dragonhawk Rider | 5 | 1000 | / | 150 |
| Mortar Team | 2 | 360 | / | 140 |
| Sorceress | 3 | 465 | / | 60 |
| Gryphon Rider | 3 | 840 | / | 210 |
| Goblin Shredder | 1 | 375 | / | 100 |
| Goblin Sapper | 1 | 215 | / | 100 |
| total: | 64 | 9140g | / | 1710w |
| Scout Tower | 31 | 930 | / | 620 |
| Guard Tower | 24 | 1680 | / | 1200 |
| Lumber Mill | 1 | 120 | / | 0 |
| Farm | 8 | 640 | / | 160 |
| Blacksmith | 2 | 280 | / | 120 |
| Altar of Kings | 1 | 180 | / | 50 |
| Barracks | 1 | 160 | / | 60 |
| Arcane Vault | 1 | 130 | / | 30 |
| Town Hall | 6 | 2310 | / | 1230 |
| Arcane Sanctum | 1 | 150 | / | 140 |
| Workshop | 1 | 140 | / | 140 |
| Gryphon Aviary | 2 | 280 | / | 300 |
| Keep | 1 | 320 | / | 210 |
| Castle | 1 | 360 | / | 210 |
| total: | 55 | 5320g | / | 2850w |
| 0:02 | Peasant |
| 0:02 | Peasant |
| 0:14 | Lumber Mill |
| 0:21 | Farm |
| 0:25 | Peasant |
| 0:33 | Peasant |
| 0:56 | Peasant |
| 1:09 | Peasant |
| 1:19 | Blacksmith |
| 1:20 | Altar of Kings |
| 1:37 | Peasant |
| 1:54 | Peasant |
| 2:01 | Farm |
| 2:07 | Barracks |
| 2:13 | Blacksmith |
| 2:16 | Peasant |
| 2:33 | Breath of Fire |
| 2:44 | Peasant |
| 2:59 | Peasant |
| 3:16 | Keep |
| 3:20 | Footman |
| 3:33 | Rifleman |
| 4:00 | Farm |
| 4:20 | Drunken Haze |
| 4:38 | Arcane Vault |
| 4:42 | Farm |
| 4:47 | Rifleman |
| 5:14 | Rifleman |
| 5:47 | Arcane Sanctum |
| 6:10 | Long Rifles |
| 6:11 | Rifleman |
| 6:15 | Farm |
| 6:24 | Scroll of Regeneration |
| 6:24 | Lesser Clarity Potion |
| 6:50 | Siphon Mana |
| 6:50 | Siphon Mana |
| 7:17 | Priest |
| 7:17 | Priest |
| 7:19 | Breath of Fire |
| 7:21 | Rifleman |
| 7:27 | Farm |
| 7:30 | Workshop |
| 7:33 | Castle |
| 8:01 | Priest Adept Training |
| 8:01 | Priest |
| 8:05 | Farm |
| 8:09 | Banish |
| 8:33 | Rifleman |
| 8:55 | Goblin Shredder |
| 9:29 | Black Gunpowder |
| 9:30 | Studded Leather Armor |
| 10:14 | Flying Machine |
| 10:15 | Flying Machine |
| 10:17 | Priest Master Training |
| 10:21 | Farm |
| 10:30 | Refined Gunpowder |
| 10:31 | Flying Machine |
| 10:33 | Flak Cannons |
| 10:34 | Flying Machine |
| 10:41 | Rifleman |
| 11:09 | Flying Machine |
| 11:10 | Flying Machine |
| 11:15 | Rifleman |
| 12:12 | Rifleman |
| 12:35 | Flying Machine |
| 12:35 | Flying Machine |
| 12:37 | Siphon Mana |
| 12:39 | Drunken Haze |
| 13:10 | Priest |
| 13:10 | Priest |
| 13:30 | Flying Machine |
| 13:55 | Holy Light |
| 14:28 | Town Hall |
| 14:36 | Gryphon Aviary |
| 15:01 | Imbued Gunpowder |
| 15:57 | Divine Shield |
| 16:15 | Scroll of Healing |
| 16:15 | Potion of Lesser Invulnerability |
| 16:25 | Scroll of Town Portal |
| 16:39 | Reinforced Leather Armor |
| 17:46 | Banish |
| 18:05 | Flying Machine |
| 18:05 | Flying Machine |
| 18:06 | Dragonhawk Rider |
| 18:06 | Dragonhawk Rider |
| 18:07 | Cloud |
| 18:11 | Holy Light |
| 18:27 | Animal War Training |
| 18:29 | Priest |
| 18:30 | Dragonhide Armor |
| 18:37 | Flying Machine Bombs |
| 18:39 | Fragmentation Shards |
| 18:39 | Flare |
| 18:40 | Barrage |
| 18:50 | Scout Tower |
| 18:51 | Scout Tower |
| 18:52 | Scout Tower |
| 18:52 | Scout Tower |
| 18:53 | Scout Tower |
| 19:21 | Guard Tower |
| 19:29 | Improved Masonry |
| 19:43 | Scout Tower |
| 19:45 | Scout Tower |
| 19:45 | Scout Tower |
| 19:46 | Scout Tower |
| 20:11 | Guard Tower |
| 20:13 | Guard Tower |
| 20:24 | Scout Tower |
| 20:25 | Scout Tower |
| 20:26 | Scout Tower |
| 20:34 | Advanced Masonry |
| 20:47 | Breath of Fire |
| 20:56 | Guard Tower |
| 20:57 | Guard Tower |
| 21:14 | Guard Tower |
| 21:17 | Guard Tower |
| 21:18 | Guard Tower |
| 21:25 | Iron Forged Swords |
| 21:25 | Iron Plating |
| 21:32 | Guard Tower |
| 21:34 | Mortar Team |
| 21:35 | Mortar Team |
| 21:54 | Gryphon Aviary |
| 22:02 | Imbued Masonry |
| 22:07 | Guard Tower |
| 25:19 | Dragonhawk Rider |
| 25:28 | Town Hall |
| 25:30 | Scout Tower |
| 25:31 | Scout Tower |
| 25:32 | Scout Tower |
| 25:32 | Scout Tower |
| 25:32 | Scout Tower |
| 25:33 | Scout Tower |
| 25:33 | Scout Tower |
| 25:34 | Scout Tower |
| 25:38 | Scroll of Regeneration |
| 25:42 | Scroll of Town Portal |
| 26:10 | Guard Tower |
| 26:18 | Steel Forged Swords |
| 26:19 | Steel Plating |
| 26:23 | Backpack |
| 26:26 | Magic Sentry |
| 26:27 | Control Magic |
| 26:27 | Sorceress Adept Training |
| 27:31 | Guard Tower |
| 28:12 | Guard Tower |
| 28:23 | Boots of Speed |
| 28:29 | Tome of Retraining |
| 28:29 | Retrain Hero |
| 28:40 | Guard Tower |
| 30:01 | Guard Tower |
| 30:19 | Scout Tower |
| 31:11 | Sorceress Master Training |
| 31:14 | Sorceress |
| 31:15 | Sorceress |
| 31:26 | Scroll of Town Portal |
| 31:44 | Guard Tower |
| 31:47 | Town Hall |
| 31:51 | Scout Tower |
| 31:52 | Scout Tower |
| 31:53 | Scout Tower |
| 31:53 | Scout Tower |
| 31:53 | Scout Tower |
| 31:54 | Scout Tower |
| 31:54 | Scout Tower |
| 31:55 | Scout Tower |
| 31:56 | Scout Tower |
| 31:56 | Scout Tower |
| 32:14 | Flame Strike |
| 32:14 | Flame Strike |
| 32:15 | Siphon Mana |
| 32:15 | Siphon Mana |
| 32:23 | Potion of Lesser Invulnerability |
| 32:28 | Boots of Speed |
| 32:28 | Potion of Invisibility |
| 32:31 | Boots of Speed |
| 32:42 | Periapt of Vitality |
| 32:50 | Guard Tower |
| 32:58 | Dragonhawk Rider |
| 33:24 | Guard Tower |
| 34:18 | Guard Tower |
| 35:50 | Guard Tower |
| 35:51 | Guard Tower |
| 36:10 | Guard Tower |
| 36:22 | Guard Tower |
| 36:37 | Dragonhawk Rider |
| 37:07 | Scroll of Town Portal |
| 37:56 | Storm Earth and Fire |
| 38:02 | Divine Shield |
| 38:52 | Flame Strike |
| 40:59 | Gryphon Rider |
| 40:59 | Gryphon Rider |
| 41:00 | Gryphon Rider |
| 41:03 | Mithril Forged Swords |
| 46:15 | Priest |
| 50:32 | Staff of Teleportation |
| 51:50 | Sorceress |
| 51:50 | Priest |
| 53:05 | Town Hall |
| 53:16 | Town Hall |
| 53:18 | Town Hall |
| 71:08 | Drunken Brawler |
| 71:23 | Lesser Clarity Potion |
| 71:25 | Potion of Mana |
| 71:26 | Lesser Clarity Potion |
| 71:26 | Staff of Sanctuary |
| 71:33 | Orb of Fire |
| 74:04 | Goblin Sapper |
| 75:29 | Lesser Clarity Potion |
| 76:08 | Staff of Teleportation |
| 76:42 | Flying Machine |
| 76:52 | Flying Machine |
| 76:52 | Flying Machine |
| 76:52 | Flying Machine |
| 76:53 | Flying Machine |
| 76:53 | Flying Machine |
| 76:53 | Flying Machine |
| 76:53 | Flying Machine |
| 81:06 | Flying Machine |
| Right click | 2558 |
| Select | 1170 |
| Select group | 493 |
| Build/train/purchase | 272 |
| Use ability | 177 |
| Misc. action | 161 |
| Assign group | 94 |
| Item give/drop | 18 |
| Minimap ping | 9 |
| Esc | 4 |
| Remove unit | 1 |



| Scroll of Regeneration | 3 | 300 |
| Potion of Healing | 3 | 450 |
| Potion of Mana | 3 | 600 |
| Lesser Clarity Potion | 2 | 140 |
| Orb of Fire | 1 | 325 |
| Scroll of Town Portal | 2 | 700 |
| Periapt of Vitality | 5 | 1625 |
| Potion of Lesser Invulnerability | 2 | 300 |
| Healing Salve | 2 | 200 |
| Scroll of Speed | 1 | 50 |
| total: | 24 | 4690g |
| Peasant | 12 | 900 | / | 0 |
| Rifleman | 7 | 1435 | / | 210 |
| Mortar Team | 9 | 1620 | / | 630 |
| Dragonhawk Rider | 6 | 1200 | / | 180 |
| Siege Engine | 2 | 390 | / | 120 |
| Goblin Shredder | 1 | 375 | / | 100 |
| total: | 37 | 5920g | / | 1240w |
| Scout Tower | 52 | 1560 | / | 1040 |
| Arcane Tower | 4 | 280 | / | 200 |
| Guard Tower | 17 | 1190 | / | 850 |
| Altar of Kings | 1 | 180 | / | 50 |
| Farm | 15 | 1200 | / | 300 |
| Blacksmith | 1 | 140 | / | 60 |
| Barracks | 1 | 160 | / | 60 |
| Arcane Vault | 1 | 130 | / | 30 |
| Lumber Mill | 1 | 120 | / | 0 |
| Town Hall | 6 | 2310 | / | 1230 |
| Cannon Tower | 2 | 240 | / | 200 |
| Workshop | 3 | 420 | / | 420 |
| Gryphon Aviary | 3 | 420 | / | 450 |
| Keep | 1 | 320 | / | 210 |
| Castle | 1 | 360 | / | 210 |
| total: | 84 | 6640g | / | 3640w |
| 0:04 | Peasant |
| 0:08 | Altar of Kings |
| 0:17 | Peasant |
| 0:22 | Farm |
| 0:25 | Peasant |
| 0:25 | Peasant |
| 0:35 | Peasant |
| 0:55 | Blacksmith |
| 1:13 | Peasant |
| 1:16 | Barracks |
| 1:23 | Peasant |
| 1:31 | Farm |
| 1:44 | Farm |
| 1:53 | Farm |
| 2:09 | Summon Water Elemental |
| 2:18 | Rifleman |
| 2:26 | Rifleman |
| 2:49 | Farm |
| 3:13 | Rifleman |
| 3:14 | Rifleman |
| 3:31 | Scout Tower |
| 3:56 | Brilliance Aura |
| 3:59 | Keep |
| 4:11 | Rifleman |
| 4:20 | Farm |
| 4:23 | Arcane Tower |
| 4:59 | Arcane Vault |
| 5:11 | Summon Water Elemental |
| 5:22 | Rifleman |
| 5:25 | Lumber Mill |
| 5:35 | Rifleman |
| 5:57 | Farm |
| 6:29 | Long Rifles |
| 6:33 | Improved Lumber Harvesting |
| 6:35 | Scroll of Regeneration |
| 6:50 | Black Gunpowder |
| 7:26 | Potion of Healing |
| 7:26 | Potion of Mana |
| 7:27 | Potion of Healing |
| 7:33 | Brilliance Aura |
| 7:59 | Goblin Shredder |
| 8:18 | Castle |
| 8:25 | Storm Bolt |
| 9:01 | Thunder Clap |
| 9:11 | Town Hall |
| 9:16 | Scout Tower |
| 9:17 | Scout Tower |
| 9:17 | Scout Tower |
| 9:20 | Scout Tower |
| 9:20 | Scout Tower |
| 9:30 | Healing Salve |
| 9:38 | Healing Salve |
| 9:39 | Scroll of Speed |
| 9:46 | Studded Leather Armor |
| 9:51 | Improved Masonry |
| 9:59 | Arcane Tower |
| 10:11 | Scout Tower |
| 10:14 | Scout Tower |
| 10:16 | Guard Tower |
| 10:46 | Guard Tower |
| 10:57 | Periapt of Vitality |
| 11:06 | Guard Tower |
| 11:09 | Refined Gunpowder |
| 11:42 | Storm Bolt |
| 11:55 | Workshop |
| 11:56 | Workshop |
| 11:57 | Workshop |
| 12:00 | Farm |
| 12:01 | Farm |
| 12:03 | Farm |
| 12:13 | Brilliance Aura |
| 12:56 | Periapt of Vitality |
| 13:19 | Farm |
| 13:20 | Farm |
| 13:36 | Holy Light |
| 13:44 | Reinforced Leather Armor |
| 13:45 | Advanced Masonry |
| 13:48 | Farm |
| 13:49 | Farm |
| 13:51 | Scout Tower |
| 13:52 | Scout Tower |
| 13:53 | Scout Tower |
| 13:55 | Scout Tower |
| 13:58 | Scout Tower |
| 13:59 | Scout Tower |
| 14:01 | Scout Tower |
| 14:03 | Fragmentation Shards |
| 14:04 | Flare |
| 14:10 | Periapt of Vitality |
| 14:11 | Potion of Lesser Invulnerability |
| 14:36 | Potion of Lesser Invulnerability |
| 14:37 | Periapt of Vitality |
| 14:50 | Imbued Gunpowder |
| 15:47 | Divine Shield |
| 16:03 | Thunder Clap |
| 16:21 | Mortar Team |
| 16:25 | Cannon Tower |
| 16:26 | Cannon Tower |
| 16:27 | Guard Tower |
| 16:34 | Iron Plating |
| 16:39 | Scroll of Regeneration |
| 16:42 | Lesser Clarity Potion |
| 16:46 | Potion of Mana |
| 16:47 | Orb of Fire |
| 16:52 | Potion of Healing |
| 16:52 | Potion of Mana |
| 16:53 | Lesser Clarity Potion |
| 17:02 | Farm |
| 17:04 | Mortar Team |
| 17:27 | Mortar Team |
| 17:51 | Arcane Tower |
| 18:19 | Advanced Lumber Harvesting |
| 18:47 | Town Hall |
| 18:55 | Scout Tower |
| 18:55 | Scout Tower |
| 18:56 | Scout Tower |
| 18:57 | Scout Tower |
| 18:58 | Scout Tower |
| 18:59 | Scout Tower |
| 20:20 | Guard Tower |
| 20:21 | Guard Tower |
| 21:09 | Barrage |
| 21:12 | Steel Plating |
| 21:20 | Imbued Masonry |
| 21:22 | Scroll of Regeneration |
| 21:54 | Siege Engine |
| 22:01 | Peasant |
| 22:02 | Peasant |
| 22:32 | Scroll of Town Portal |
| 22:46 | Siege Engine |
| 22:53 | Periapt of Vitality |
| 23:19 | Gryphon Aviary |
| 23:19 | Gryphon Aviary |
| 23:26 | Gryphon Aviary |
| 23:32 | Iron Forged Swords |
| 23:58 | Town Hall |
| 24:00 | Scout Tower |
| 24:01 | Scout Tower |
| 24:01 | Scout Tower |
| 24:02 | Scout Tower |
| 24:04 | Scout Tower |
| 24:05 | Scout Tower |
| 24:05 | Scout Tower |
| 24:06 | Scout Tower |
| 24:07 | Scout Tower |
| 24:09 | Scout Tower |
| 24:10 | Scout Tower |
| 25:30 | Mortar Team |
| 25:32 | Cloud |
| 25:42 | Holy Light |
| 26:59 | Guard Tower |
| 27:03 | Peasant |
| 28:05 | Town Hall |
| 28:12 | Mortar Team |
| 29:02 | Guard Tower |
| 29:33 | Guard Tower |
| 31:53 | Scout Tower |
| 32:01 | Mithril Plating |
| 32:04 | Dragonhawk Rider |
| 32:20 | Arcane Tower |
| 32:37 | Dragonhawk Rider |
| 32:39 | Mortar Team |
| 33:20 | Town Hall |
| 33:25 | Scout Tower |
| 33:25 | Scout Tower |
| 33:26 | Scout Tower |
| 33:29 | Scout Tower |
| 33:29 | Scout Tower |
| 33:30 | Scout Tower |
| 33:32 | Scout Tower |
| 33:33 | Scout Tower |
| 33:48 | Scout Tower |
| 33:49 | Scout Tower |
| 33:51 | Scout Tower |
| 33:54 | Scout Tower |
| 33:55 | Scout Tower |
| 33:56 | Scout Tower |
| 33:58 | Scout Tower |
| 33:58 | Scout Tower |
| 34:02 | Peasant |
| 34:02 | Peasant |
| 34:33 | Guard Tower |
| 34:41 | Mortar Team |
| 35:00 | Guard Tower |
| 35:11 | Guard Tower |
| 35:20 | Guard Tower |
| 35:38 | Guard Tower |
| 35:44 | Guard Tower |
| 35:50 | Guard Tower |
| 36:09 | Guard Tower |
| 36:53 | Dragonhawk Rider |
| 40:21 | Dragonhawk Rider |
| 40:29 | Divine Shield |
| 41:56 | Dragonhawk Rider |
| 41:58 | Dragonhawk Rider |
| 43:07 | Mass Teleport |
| 43:25 | Mortar Team |
| 44:20 | Town Hall |
| 44:31 | Mortar Team |
| 45:03 | Animal War Training |
| 49:03 | Storm Bolt |
| 51:26 | Scout Tower |
| 53:10 | Scroll of Town Portal |
| 61:23 | Scout Tower |
| 61:48 | Scout Tower |
| Right click | 2314 |
| Select | 1282 |
| Select group | 746 |
| Build/train/purchase | 273 |
| Use ability | 168 |
| Misc. action | 54 |
| Assign group | 33 |
| Minimap ping | 12 |
| Item give/drop | 6 |
| Chat | 3 |



| Healing Salve | 5 | 500 |
| Lesser Clarity Potion | 3 | 210 |
| Orb of Lightning | 1 | 375 |
| Scroll of Speed | 1 | 50 |
| Potion of Healing | 1 | 150 |
| Potion of Mana | 1 | 200 |
| Scroll of Town Portal | 4 | 1400 |
| Claws of Attack +12 | 1 | 500 |
| Boots of Quel'Thalas +6 | 1 | 400 |
| total: | 18 | 3785g |
| Peon | 16 | 1200 | / | 0 |
| Troll Headhunter | 13 | 1820 | / | 260 |
| Troll Berserker | 3 | 420 | / | 60 |
| Shaman | 5 | 650 | / | 100 |
| Demolisher | 2 | 440 | / | 100 |
| total: | 39 | 4530g | / | 520w |
| Watch Tower | 16 | 1760 | / | 1280 |
| Altar of Storms | 6 | 1080 | / | 300 |
| Orc Burrow | 15 | 2400 | / | 600 |
| War Mill | 4 | 820 | / | 0 |
| Barracks | 4 | 720 | / | 200 |
| Voodoo Lounge | 1 | 130 | / | 30 |
| Great Hall | 12 | 4620 | / | 2220 |
| Spirit Lodge | 2 | 300 | / | 300 |
| Stronghold | 1 | 315 | / | 190 |
| Fortress | 1 | 325 | / | 190 |
| total: | 60 | 11830g | / | 4930w |
| 0:03 | Peon |
| 0:03 | Peon |
| 0:03 | Peon |
| 0:07 | Altar of Storms |
| 0:17 | Orc Burrow |
| 0:51 | War Mill |
| 0:54 | Peon |
| 0:56 | Peon |
| 1:13 | Barracks |
| 1:23 | Peon |
| 1:28 | Peon |
| 1:40 | Voodoo Lounge |
| 1:58 | Orc Burrow |
| 2:13 | Wind Walk |
| 2:13 | Wind Walk |
| 2:16 | Troll Headhunter |
| 2:33 | Troll Headhunter |
| 2:55 | Troll Headhunter |
| 3:09 | Healing Salve |
| 3:10 | Lesser Clarity Potion |
| 3:15 | Troll Headhunter |
| 3:35 | Troll Headhunter |
| 3:38 | Orc Burrow |
| 3:59 | Critical Strike |
| 4:06 | Troll Headhunter |
| 4:08 | Stronghold |
| 4:17 | Troll Headhunter |
| 4:27 | Healing Salve |
| 4:42 | Troll Headhunter |
| 5:23 | Wind Walk |
| 5:31 | Great Hall |
| 5:33 | Troll Headhunter |
| 5:57 | Troll Headhunter |
| 6:16 | Troll Headhunter |
| 6:23 | Orc Burrow |
| 6:26 | Healing Salve |
| 6:44 | Steel Ranged Weapons |
| 7:33 | Fortress |
| 7:34 | Healing Salve |
| 7:36 | Healing Salve |
| 7:36 | Lesser Clarity Potion |
| 7:36 | Lesser Clarity Potion |
| 7:48 | Critical Strike |
| 7:49 | Healing Wave |
| 8:05 | Troll Regeneration |
| 8:33 | Thorium Ranged Weapons |
| 8:39 | Spirit Lodge |
| 8:40 | Barracks |
| 9:21 | Troll Headhunter |
| 9:21 | Troll Headhunter |
| 9:25 | Spirit Lodge |
| 10:10 | Berserker Upgrade |
| 10:33 | Hex |
| 11:16 | Troll Berserker |
| 11:17 | Shaman Adept Training |
| 11:19 | Orc Burrow |
| 11:21 | Orc Burrow |
| 11:24 | Orb of Lightning |
| 11:25 | Scroll of Speed |
| 11:25 | Potion of Healing |
| 11:26 | Potion of Mana |
| 11:38 | Peon |
| 11:38 | Peon |
| 11:51 | Endurance Aura |
| 12:17 | Claws of Attack +12 |
| 12:22 | Peon |
| 12:56 | Boots of Quel'Thalas +6 |
| 13:07 | Shaman Master Training |
| 14:18 | Shaman |
| 14:18 | Shaman |
| 14:18 | Shaman |
| 14:18 | Shaman |
| 14:20 | Troll Berserker |
| 14:22 | Demolisher |
| 14:45 | Demolisher |
| 14:46 | Burning Oil |
| 15:28 | Troll Berserker |
| 15:29 | Shaman |
| 17:09 | Scroll of Town Portal |
| 17:16 | Wind Walk |
| 17:28 | Orc Burrow |
| 17:30 | Reinforced Defenses |
| 19:54 | Healing Wave |
| 19:55 | War Stomp |
| 20:26 | Great Hall |
| 21:08 | War Mill |
| 23:12 | Altar of Storms |
| 23:46 | Watch Tower |
| 23:49 | Watch Tower |
| 23:53 | Watch Tower |
| 23:54 | Watch Tower |
| 23:55 | Watch Tower |
| 24:48 | Great Hall |
| 24:52 | War Mill |
| 25:32 | Great Hall |
| 26:43 | War Mill |
| 26:46 | Great Hall |
| 27:48 | Scroll of Town Portal |
| 28:59 | Great Hall |
| 29:23 | Watch Tower |
| 29:24 | Watch Tower |
| 29:26 | Watch Tower |
| 29:27 | Watch Tower |
| 29:28 | Watch Tower |
| 29:29 | Watch Tower |
| 29:30 | Watch Tower |
| 29:35 | Watch Tower |
| 30:29 | Scroll of Town Portal |
| 31:23 | Watch Tower |
| 31:24 | Watch Tower |
| 31:25 | Watch Tower |
| 32:39 | Bladestorm |
| 32:56 | Altar of Storms |
| 34:02 | Scroll of Town Portal |
| 35:36 | Orc Burrow |
| 35:38 | Orc Burrow |
| 35:41 | Orc Burrow |
| 35:44 | Orc Burrow |
| 40:03 | Great Hall |
| 40:22 | Altar of Storms |
| 40:29 | Orc Burrow |
| 40:30 | Orc Burrow |
| 40:31 | Orc Burrow |
| 40:54 | Barracks |
| 40:55 | Barracks |
| 43:46 | Altar of Storms |
| 43:57 | Great Hall |
| 46:26 | Great Hall |
| 49:42 | Orc Burrow |
| 50:31 | Altar of Storms |
| 54:43 | Great Hall |
| 59:10 | Critical Strike |
| 73:25 | Peon |
| 74:36 | Great Hall |
| 76:05 | Peon |
| 78:14 | Great Hall |
| 80:47 | Peon |
| 80:47 | Peon |
| 80:47 | Peon |
| 81:18 | Peon |
| Right click | 2997 |
| Select | 867 |
| Select group | 546 |
| Misc. action | 250 |
| Build/train/purchase | 237 |
| Chat | 111 |
| Use ability | 50 |
| Assign group | 32 |
| Item give/drop | 20 |
| Minimap ping | 17 |
| Resource trade | 14 |
| Esc | 9 |
| Remove unit | 2 |


| Scroll of Regeneration | 3 | 300 |
| Lesser Clarity Potion | 5 | 350 |
| Potion of Healing | 2 | 300 |
| Potion of Mana | 1 | 200 |
| Staff of Sanctuary | 1 | 250 |
| Ivory Tower | 5 | 200 |
| Dust of Appearance | 2 | 150 |
| Scroll of Town Portal | 1 | 350 |
| Potion of Lesser Invulnerability | 3 | 450 |
| Staff of Teleportation | 1 | 150 |
| Boots of Speed | 1 | 250 |
| Belt of Giant Strength +6 | 1 | 400 |
| Potion of Greater Mana | 1 | 400 |
| total: | 27 | 3750g |
| Peasant | 22 | 1650 | / | 0 |
| Footman | 6 | 810 | / | 0 |
| Gryphon Rider | 4 | 1120 | / | 280 |
| Siege Engine | 6 | 1170 | / | 360 |
| Goblin Shredder | 1 | 375 | / | 100 |
| total: | 39 | 5125g | / | 740w |
| Scout Tower | 5 | 150 | / | 100 |
| Arcane Tower | 1 | 70 | / | 50 |
| Guard Tower | 5 | 350 | / | 250 |
| Altar of Kings | 1 | 180 | / | 50 |
| Farm | 29 | 2320 | / | 580 |
| Barracks | 1 | 160 | / | 60 |
| Arcane Vault | 1 | 130 | / | 30 |
| Lumber Mill | 2 | 240 | / | 0 |
| Town Hall | 9 | 3465 | / | 1845 |
| Blacksmith | 1 | 140 | / | 60 |
| Gryphon Aviary | 4 | 560 | / | 600 |
| Workshop | 4 | 560 | / | 560 |
| Keep | 1 | 320 | / | 210 |
| Castle | 1 | 360 | / | 210 |
| total: | 57 | 7905g | / | 3885w |
| 0:02 | Peasant |
| 0:02 | Peasant |
| 0:06 | Altar of Kings |
| 0:12 | Farm |
| 0:28 | Peasant |
| 0:40 | Peasant |
| 0:52 | Barracks |
| 0:54 | Peasant |
| 1:03 | Farm |
| 1:16 | Peasant |
| 1:28 | Scout Tower |
| 1:49 | Farm |
| 1:50 | Peasant |
| 1:50 | Peasant |
| 1:52 | Footman |
| 1:58 | Arcane Tower |
| 2:12 | Thunder Clap |
| 2:14 | Footman |
| 2:21 | Peasant |
| 2:21 | Peasant |
| 2:29 | Footman |
| 2:29 | Peasant |
| 2:29 | Peasant |
| 2:41 | Peasant |
| 3:03 | Footman |
| 3:18 | Keep |
| 3:45 | Storm Bolt |
| 3:46 | Footman |
| 4:07 | Arcane Vault |
| 4:15 | Footman |
| 4:18 | Lumber Mill |
| 4:33 | Lumber Mill |
| 4:58 | Storm Bolt |
| 5:31 | Town Hall |
| 5:46 | Scroll of Regeneration |
| 5:53 | Farm |
| 5:58 | Farm |
| 6:06 | Farm |
| 6:12 | Lesser Clarity Potion |
| 6:21 | Castle |
| 7:15 | Goblin Shredder |
| 7:39 | Thunder Clap |
| 7:44 | Peasant |
| 7:44 | Peasant |
| 7:56 | Banish |
| 8:25 | Gryphon Aviary |
| 8:26 | Gryphon Aviary |
| 8:30 | Gryphon Aviary |
| 8:33 | Gryphon Aviary |
| 9:19 | Blacksmith |
| 9:32 | Scroll of Regeneration |
| 9:33 | Potion of Healing |
| 9:36 | Potion of Mana |
| 9:38 | Lesser Clarity Potion |
| 9:40 | Staff of Sanctuary |
| 9:42 | Potion of Healing |
| 9:47 | Farm |
| 9:48 | Farm |
| 9:50 | Gryphon Rider |
| 9:53 | Iron Forged Swords |
| 9:59 | Farm |
| 10:31 | Siphon Mana |
| 11:02 | Belt of Giant Strength +6 |
| 11:10 | Storm Hammers |
| 11:11 | Gryphon Rider |
| 11:12 | Steel Forged Swords |
| 11:39 | Farm |
| 11:40 | Farm |
| 12:14 | Gryphon Rider |
| 12:20 | Studded Leather Armor |
| 12:23 | Animal War Training |
| 12:46 | Dust of Appearance |
| 13:02 | Siphon Mana |
| 13:07 | Gryphon Rider |
| 14:12 | Storm Bolt |
| 14:37 | Town Hall |
| 14:52 | Mithril Forged Swords |
| 15:23 | Improved Masonry |
| 16:44 | Peasant |
| 18:04 | Workshop |
| 18:06 | Workshop |
| 18:08 | Workshop |
| 18:25 | Advanced Masonry |
| 18:34 | Lesser Clarity Potion |
| 18:36 | Scroll of Town Portal |
| 18:59 | Ivory Tower |
| 18:59 | Ivory Tower |
| 19:05 | Barrage |
| 19:06 | Siege Engine |
| 19:10 | Siege Engine |
| 19:11 | Workshop |
| 19:18 | Guard Tower |
| 19:33 | Siege Engine |
| 19:47 | Imbued Masonry |
| 19:57 | Peasant |
| 19:57 | Peasant |
| 19:57 | Peasant |
| 19:57 | Peasant |
| 19:57 | Peasant |
| 20:01 | Siege Engine |
| 20:06 | Black Gunpowder |
| 20:25 | Ivory Tower |
| 20:26 | Ivory Tower |
| 20:26 | Ivory Tower |
| 20:33 | Guard Tower |
| 20:36 | Guard Tower |
| 20:38 | Siege Engine |
| 21:04 | Iron Plating |
| 21:22 | Refined Gunpowder |
| 21:29 | Dust of Appearance |
| 21:30 | Potion of Lesser Invulnerability |
| 22:03 | Farm |
| 22:21 | Siege Engine |
| 23:01 | Farm |
| 23:05 | Farm |
| 24:17 | Imbued Gunpowder |
| 24:18 | Steel Plating |
| 24:27 | Town Hall |
| 29:10 | Mithril Plating |
| 30:41 | Lesser Clarity Potion |
| 31:09 | Town Hall |
| 32:42 | Avatar |
| 34:08 | Scout Tower |
| 34:09 | Scout Tower |
| 35:17 | Guard Tower |
| 35:18 | Scout Tower |
| 35:21 | Scout Tower |
| 43:38 | Bash |
| 49:07 | Town Hall |
| 49:11 | Town Hall |
| 53:02 | Potion of Lesser Invulnerability |
| 53:09 | Staff of Teleportation |
| 53:24 | Boots of Speed |
| 58:16 | Potion of Greater Mana |
| 64:07 | Town Hall |
| 69:37 | Potion of Lesser Invulnerability |
| 73:52 | Lesser Clarity Potion |
| 74:13 | Scroll of Regeneration |
| 92:25 | Farm |
| 92:56 | Town Hall |
| 93:12 | Farm |
| 93:27 | Farm |
| 93:53 | Farm |
| 93:59 | Farm |
| 94:19 | Farm |
| 94:31 | Town Hall |
| 94:50 | Farm |
| 95:06 | Farm |
| 95:27 | Farm |
| 95:53 | Farm |
| 95:55 | Farm |
| 95:56 | Farm |
| 95:57 | Farm |
| 95:58 | Farm |
| 95:59 | Farm |
| 96:46 | Peasant |
| Right click | 4416 |
| Select | 1559 |
| Select group | 969 |
| Build/train/purchase | 336 |
| Misc. action | 159 |
| Use ability | 109 |
| Minimap ping | 75 |
| Resource trade | 68 |
| Assign group | 41 |
| Esc | 7 |
| Item give/drop | 6 |
⇛